 Dungeon Crawl Stone Soup version 0.30.0 (webtiles) character file.

Game seed: 12910548052795361048

9707 alexhoolio the Spear-Bearer (level 11, -1/60 HPs)
             Began as a Gargoyle Fighter on June 4, 2023.
             Was a Priest of Hepliaklqana.
             Killed from afar by a gargoyle (12 damage)
             ... with a stone arrow
             ... on level 10 of the Dungeon on June 5, 2023.
             The game lasted 00:48:34 (10332 turns).

alexhoolio the Spear-Bearer (Gargoyle Fighter)     Turns: 10332, Time: 00:48:35

Health: -1/60      AC: 24    Str: 30    XL:     11   Next: 50%
Magic:  12/12      EV:  6    Int:  9    God:    Hepliaklqana [***...]
Gold:   547        SH:  0    Dex:  9    Spells: 10/10 levels left

rFire   . . .        a - +0 trident
rCold   . . .        N - +2 kite shield
rNeg    + . .        G - +0 plate armour
rPois   ∞            C - +0 helmet
rElec   +            (no cloak)
rCorr   .            g - +1 pair of gloves
SInv    +            (no boots)
Will    .....        V - amulet of reflection Stlth
                     T - ring of Nuos {rElec Str+6}
HPRegen 0.30/turn    i - ring of see invisible
MPRegen 0.13/turn

%: reflection
@: confused, ambrosia-drunk
A: reduced essence, sickness immunity, AC +8, negative energy resistance 1,
electricity resistance, torment resistance 1, petrification resistance
a: Renounce Religion, Recall Ancestor, Ancestor Identity, Transference


You were on level 10 of the Dungeon.
You worshipped Hepliaklqana.
Hepliaklqana was most pleased with you.
You visited 2 branches of the dungeon, and saw 11 of its levels.

You collected 547 gold pieces.

Inventory:

Hand Weapons
 a - a +0 trident (weapon)
 d - a +2 whip of electrocution
 Q - a +0 trident of pain
Missiles
 s - 6 poisoned darts
 u - 10 boomerangs
 E - 6 javelins
 I - a throwing net (quivered)
Armour
 g - a +1 pair of gloves (worn)
 C - a +0 helmet (worn)
 G - a +0 plate armour (worn)
 N - a +2 kite shield (worn)
 U - a +2 ring mail of fire resistance
 W - the +1 pair of boots of Repulsion {rC- rN+ rCorr Stlth+}
   (You found it on level 8 of the Dungeon)

   rC:        It makes you vulnerable to cold.
   rN:        It protects you from negative energy.
   rCorr:     It protects you from acid and corrosion.
   Stlth:     It makes you more stealthy.
Magical Staves
 J - a staff of poison
Jewellery
 e - an amulet of faith
 f - a ring of ice
 i - a ring of see invisible (right hand)
 w - a ring of resist corrosion
 O - a +6 ring of intelligence
 T - the ring of Nuos (left hand) {rElec Str+6}
   (You found it on level 8 of the Dungeon)

   [ring of strength]

   Str:       It affects your strength (+6).
   rElec:     It insulates you from electricity.
 V - an amulet of reflection (around neck)
Wands
 b - a wand of mindburst (13)
 k - a wand of quicksilver (9)
 n - a wand of polymorph (10)
 x - a wand of iceblast (14)
 Y - a wand of digging (6)
Scrolls
 h - 4 scrolls of noise {unknown}
 j - 2 scrolls of poison {unknown}
 l - a scroll of acquirement {unknown}
 p - 2 scrolls of vulnerability {unknown}
 q - 2 scrolls of silence {unknown}
 y - a scroll of amnesia {unknown}
 A - 5 scrolls of identify {unknown}
 F - 3 scrolls of teleportation {unknown}
 H - 2 scrolls of magic mapping {unknown}
 M - a scroll of fear {unknown}
 R - a scroll of blinking {unknown}
 S - a scroll of enchant armour {unknown}
 X - a scroll of fog {unknown}
Potions
 c - a potion of berserk rage {unknown}
 m - 2 potions of ambrosia
 o - 2 potions of cancellation {unknown}
 r - 2 potions of flight {unknown}
 t - 4 potions of haste {unknown}
 v - 4 potions of curing {unknown}
 z - 2 potions of invisibility {unknown}
 B - 3 potions of heal wounds {unknown}
 D - 2 potions of resistance {unknown}
 K - 3 potions of mutation {unknown}
 L - a potion of might
 P - 2 potions of degeneration {unknown}
 Z - a potion of lignification {unknown}


   Skills:
 * Level 7.6 Fighting
 - Level 14.0 Polearms
 + Level 5.8 Armour
 + Level 5.8 Shields
 + Level 2.3 Invocations


You had 10 spell levels left.
You didn't know any spells.
Your spell library contained the following spells:

 Spells                   Type           Power      Damage    Failure   Level
 Magic Dart               Conj           0%         1d3       100%        1
 Shock                    Conj/Air       0%         1d3       100%        1
 Blink                    Tloc           0%         N/A       100%        2
 Call Imp                 Summ           0%         N/A       100%        2
 Ensorcelled Hibernation  Hex/Ice        0%         N/A       100%        2
 Lesser Beckoning         Tloc           0%         N/A       100%        2
 Momentum Strike          Conj/Tloc      0%         3d8       100%        2
 Passwall                 Tmut/Erth      0%         N/A       100%        2
 Dazzling Flash           Conj/Hex       0%         N/A       100%        3
 Inner Flame              Hex/Fire       0%         N/A       100%        3
 Mephitic Cloud           Conj/Pois/Air  0%         N/A       100%        3
 Swiftness                Air            0%         N/A       100%        3
 Volatile Blastmotes      Fire/Tloc      0%         2d10      100%        3
 Airstrike                Air            0%         2d(0-16)  100%        4
 Iskenderun's Mystic Bla  Conj/Tloc      0%         2d3       100%        4
 Yara's Violent Unravell  Hex/Tmut       0%         3d3       100%        5
 Starburst                Conj/Fire      0%         6d3       100%        6
 Enfeeble                 Hex            0%         N/A       100%        7


Dungeon Overview and Level Annotations

Branches:
Dungeon (10/15)            Temple (1/1) D:5             Orc (0/2) D:9
   Lair: D:8-11

Altars:
Ashenzari
Cheibriados
Dithmenos
Elyvilon
Fedhas
Gozag
Hepliaklqana
Kikubaaqudgha
Makhleb
Nemelex Xobeh
Okawaru
Qazlal
Ru
Sif Muna
Trog
Uskayaw
Vehumet
Wu Jian
Xom
Yredelemnul
Zin
The Shining One

Shops:
D:1 *((


Innate Abilities, Weirdness & Mutations

Your life essence is reduced to manifest your ancestor. (-10% HP)
You are immune to sickness and miasma.
Your stone body is resilient. (AC +8)
You are immune to poison.
You resist negative energy. (rN+)
You are resistant to electric shocks. (rElec)
You are resistant to unholy torment.
You are immune to petrification.


Message History

The shadow is almost destroyed.
A yak comes into view.
You hit the shadow.
You destroy the shadow!
You reach to attack!
You barely miss the gargoyle. You hit the gargoyle but do no damage.
The gargoyle hurls a stone arrow at you.
The stone arrow hits you.
You hit the gargoyle.
The gargoyle is lightly damaged.
You puncture the gargoyle!
The gargoyle is heavily damaged.
You block the gargoyle's attack.
A yak comes into view.
You hit the gargoyle but do no damage.
The gargoyle is heavily damaged.
The gargoyle hurls a stone arrow at you.
The stone arrow hits you!!
You hit the gargoyle.
The gargoyle is severely damaged.
You hit the gargoyle.
The gargoyle is severely damaged.
The gargoyle hurls a stone arrow at you.
The stone arrow hits you!!
* * * LOW HITPOINT WARNING * * *
The gargoyle attacks as you move away! You block the gargoyle's attack.
The sentinel's mark upon you fades away.
The gargoyle hurls a stone arrow at you.
You block stone arrow... and reflect it back!
The stone arrow hits the gargoyle.
You are confused.
You feel invigorated.
The gargoyle hurls a stone arrow at you.
The stone arrow hits you but does no damage.
The gargoyle hurls a stone arrow at you.
The stone arrow hits you!
* * * LOW HITPOINT WARNING * * *
The gargoyle hurls a stone arrow at you.
The stone arrow hits you!
You die...

........##..'.........
........#####.........
........# #.........
........# ##......##
######### ##..#######
#.......#.#
#.#####.#.# . #######
#. #...#.# .. ......#
## #@###.# ... ......+
# #.#...# .... ......#
#. #.###.# ##.....
......# ..
#.#..9##.'.....
......# ###.#9#.#.)9.#
......# #....YY.#.####
####### ###########


You could see 2 yaks and a gargoyle.

Vanquished Creatures
  A centaur warrior (D:9)
  3 two-headed ogres
  Pikel (D:4)
  A gargoyle (D:10)
  A troll (D:10)
  A shadow (D:10)
  3 yaks (D:10)
  A basilisk (D:9)
  2 steam dragons
  Menkaure (D:4)
  An acid dragon (D:10)
  A water moccasin (D:8)
  5 orc warriors
  A black bear (D:6)
  An ice beast (D:6)
  An ogre (D:4)
  3 centaurs
  2 phantoms
  A bullfrog (D:9)
  A kobold brigand (D:7)
  4 scorpions (D:5)
  8 wights
  5 killer bees (D:8)
  2 hounds
  12 orc priests
  4 orc wizards
  Natasha (D:2)
  3 iguanas
  9 gnolls
  8 adders
  A shadow imp (D:5)
  2 white imps
  An ufetubus (D:5)
  5 dart slugs
  40 orcs
  4 ball pythons
  4 bats
  3 endoplasms (D:1)
  3 giant cockroaches
  8 hobgoblins
  3 jackals (D:4)
  2 quokkas
  5 goblins
  11 kobolds
  2 rats (D:1)
182 creatures vanquished.

Vanquished Creatures (collateral kills)
  2 hornets
  A shadow (D:9)
  A yak (D:10)
  A warg (D:9)
  An acid dragon (D:9)
  2 water moccasins
  2 orc warriors
  An ogre (D:9)
  A centaur (D:7)
  A kobold brigand (D:7)
  2 bullfrogs (D:7)
  2 wights (D:8)
  3 orc priests
  An iguana (D:6)
  3 orc wizards
  3 gnolls
  An adder (D:6)
  A shadow imp (D:7)
  7 orcs
  2 kobolds (D:7)
38 creatures vanquished.

Vanquished Creatures (others)
  3 knights
  2 ancestors (D:7)
5 creatures vanquished.

Grand Total: 225 creatures vanquished

Notes
Turn   | Place    | Note
-------+----------+-------------------------------------------
     0 | D:1      | alexhoolio the Gargoyle Fighter began the quest for the
                  | Orb.
     0 | D:1      | Reached XP level 1. HP: 14/14 MP: 1/1
    30 | D:1      | Reached skill level 2 in Polearms
   121 | D:1      | Reached XP level 2. HP: 16/19 MP: 2/2
   154 | D:1      | Found Ryvvoc's Weapon Shoppe.
   154 | D:1      | Noticed a +0 demon trident
   155 | D:1      | Noticed a +0 giant spiked club
   161 | D:1      | Found Qoijami's Assorted Antiques.
   473 | D:1      | Reached skill level 3 in Polearms
   481 | D:1      | Reached XP level 3. HP: 21/23 MP: 3/3
   498 | D:1      | Found Zepsohu's Antique Weapon Shoppe.
   947 | D:2      | Noticed Natasha
   972 | D:2      | Killed Natasha
   973 | D:2      | Reached skill level 4 in Polearms
   973 | D:2      | Reached XP level 4. HP: 5/28 MP: 4/4
  1457 | D:3      | Found a basalt altar of Yredelemnul.
  1485 | D:3      | Reached XP level 5. HP: 32/32 MP: 5/5
  1698 | D:3      | Reached skill level 5 in Polearms
  2562 | D:4      | Noticed an ogre
  2576 | D:4      | Killed an ogre
  2577 | D:4      | Reached XP level 6. HP: 27/37 MP: 6/6
  2696 | D:4      | Reached skill level 6 in Polearms
  2766 | D:4      | Noticed Menkaure
  2779 | D:4      | Killed Menkaure
  2780 | D:4      | Reached XP level 7. HP: 17/41 MP: 7/7
  2981 | D:4      | Found a shadowy altar of Dithmenos.
  3408 | D:4      | Noticed Pikel
  3435 | D:4      | Killed Pikel
  3436 | D:4      | Reached skill level 8 in Polearms
  3436 | D:4      | Reached XP level 8. HP: 10/46 MP: 8/8
  3935 | D:5      | Entered Level 5 of the Dungeon
  4048 | D:5      | Reached skill level 9 in Polearms
  4273 | D:5      | Found a staircase to the Ecumenical Temple.
  4295 | Temple   | Entered the Ecumenical Temple
  4410 | Temple   | Became a worshipper of Hepliaklqana the Forgotten
  4456 | D:5      | Identified the +1 mace "Qethutie" {drain, rC+ SInv}
  4814 | D:6      | Reached skill level 10 in Polearms
  4881 | D:6      | Reached XP level 9. HP: 15/51 MP: 9/9
  5357 | D:6      | Reached * piety under Hepliaklqana
  5605 | D:6      | Reached skill level 11 in Polearms
  6812 | D:7      | Reached skill level 12 in Polearms
  7069 | D:7      | Reached ** piety under Hepliaklqana
  7070 | D:7      | Remembered your ancestor Appia as a knight
  7360 | D:7      | Found a snail-covered altar of Cheibriados.
  7455 | D:7      | Reached XP level 10. HP: 45/50 MP: 10/10
  7643 | D:8      | Reached skill level 13 in Polearms
  8042 | D:8      | Identified the ring of Nuos {rElec Str+6}
  8086 | D:8      | Noticed a two-headed ogre
  8093 | D:8      | Killed a two-headed ogre
  8157 | D:8      | Identified the +6 falchion "Foshuomn" {flame, rF+ Str+2}
  8188 | D:8      | Reached skill level 14 in Polearms
  8248 | D:8      | Identified the +1 pair of boots of Repulsion {rC- rN+ rCorr
                  | Stlth+}
  8645 | D:9      | Noticed a centaur warrior
  8647 | D:9      | Reached *** piety under Hepliaklqana
  8773 | D:9      | Found a staircase to the Orcish Mines.
  8775 | D:9      | Reached skill level 5 in Fighting
  8991 | D:9      | Found a sacrificial altar of Ru.
  9637 | D:9      | Killed a centaur warrior
  9638 | D:9      | Reached XP level 11. HP: 54/57 MP: 11/11
  9655 | D:9      | Noticed a two-headed ogre
  9673 | D:9      | Killed a two-headed ogre
  9674 | D:9      | Reached skill level 5 in Armour
  9674 | D:9      | Reached skill level 5 in Shields
  9756 | D:10     | Entered Level 10 of the Dungeon
 10059 | D:10     | Reached skill level 1 in Invocations
 10286 | D:10     | Noticed a two-headed ogre
 10294 | D:10     | Killed a two-headed ogre
 10332 | D:10     | Killed from afar by a gargoyle

Illustrated notes

Levels and vault maps discovered:
D:1:      heliophobic_arrival_ceremonial_halls, layout_loops_ring, serial_shops,
          nicolae_shop_mannequins, shop, shop, minmay_large_rounded_square,
          minmay_misc_feat_tower
D:2:      layout_rooms, uniq_natasha
D:3:      layout_basic, old_standard_altar, dreamdust_princess_bridge
D:4:      layout_basic, nicolae_dithmenos_the_darkroom, uniq_pikel,
          uniq_menkaure
D:5:      layout_basic, minmay_temple_entry_glassed_door
D:6:      layout_basic, dk_rats_in_the_wall
D:7:      layout_gridville, mainiacjoe_overflow_small_starburst, sword_in_stone
D:8:      layout_basic
D:9:      layout_basic, lemuel_crystal_altar, erik_orc_3, wad_mini_maze
D:10:     layout_roguey
Temple:   mainiacjoe_temple_coin_purse

Skill      XL: |  1  2  3  4  5  6  7  8  9 10 11 |
---------------+----------------------------------+-----
Polearms       | 2 3 4 5 6 8 10 12 14 | 14.0
Fighting       | 6 7 |  7.6
Armour         | 4 5 |  5.8
Shields        | 4 5 |  5.8
Invocations    | 2 |  2.3

Action                     |  1- 3 |  4- 6 |  7- 9 | 10-12 || total
---------------------------+-------+-------+-------+-------++-------
  Melee: Trident           |   116 |   142 |   476 |   338 ||  1072
  Throw: Dart              |       |    11 |     7 |     5 ||    23
         Boomerang         |       |     4 |     4 |       ||     8
         Throwing net      |       |       |     1 |     1 ||     2
 Invoke: Recall Ancestor   |       |       |     1 |       ||     1
         Ancestor Life: Kn |       |       |     1 |       ||     1
         Ancestor Identity |       |       |     1 |       ||     1
    Use: Potion            |       |       |     1 |     2 ||     3
   Stab: Distracted        |       |       |       |     3 ||     3
 Armour: Scale mail        |    37 |    49 |    42 |       ||   128
         Plate armour      |       |       |   152 |    62 ||   214
  Dodge: Dodged            |    40 |    46 |    77 |    29 ||   192
  Block: Buckler           |    18 |    15 |    37 |       ||    70
         Kite shield       |       |       |    10 |    95 ||   105
         Reflection        |       |       |       |    13 ||    13
